 Dungeon Crawl Stone Soup version 0.23-a0-726-g9fa1570 (webtiles) character file.

114 galech the Skirmisher (level 4, -2/35 HPs)
             Began as a Demonspawn Fighter on Jan 16, 2019.
             Slain by Natasha (5 damage)
             ... on level 3 of the Dungeon.
             The game lasted 00:01:48 (2487 turns).

galech the Skirmisher (Demonspawn Fighter)          Turns: 2487, Time: 00:01:49

Health: -2/35      AC:  8    Str: 21    XL:     4   Next: 66%
Magic:  4/4        EV:  7    Int: 10    God:
Gold:   116        SH:  9    Dex: 13    Spells: 3/3 levels left

rFire    . . .     SeeInvis .   a - +0 war axe
rCold    . . .     Gourm    .   c - +0 shield
rNeg     . . .     Faith    .   b - +0 scale mail
rPois    .         Spirit   .   (helmet restricted)
rElec    .         Reflect  .   (no cloak)
rCorr    .         Harm     .   (no gloves)
MR       .....                  (no boots)
Stlth    ..........             (no amulet)
HPRegen  0.11/turn              (no ring)
MPRegen  0.09/turn              (no ring)

@: mighty, slowed, very slow
A: antennae 1, thin metallic scales 1
a: no special abilities


You were on level 3 of the Dungeon.
You were not hungry.

You visited 1 branch of the dungeon, and saw 3 of its levels.

You collected 116 gold pieces.

Inventory:

Hand Weapons
 a - a +0 war axe (weapon)
Armour
 b - a +0 scale mail (worn)
 c - a +0 shield (worn)
Scrolls
 e - a scroll of enchant armour {unknown}
 h - 2 scrolls of amnesia {unknown}
 i - 2 scrolls of identify {unknown}
 j - 3 scrolls of fog {unknown}
 k - a scroll of remove curse {unknown}
 o - a scroll of enchant weapon {unknown}
Potions
 d - a potion of might
 g - a potion of heal wounds {unknown}
 l - 2 potions of curing
 n - a potion of haste {unknown}
 p - 2 potions of lignification {unknown}
Comestibles
 f - 3 rations
 m - a chunk of flesh


   Skills:
 + Level 3.4 Fighting
 + Level 3.0 Axes
 + Level 3.3 Armour
 + Level 0.5 Dodging
 + Level 0.1 Stealth
 + Level 3.2 Shields


You had 3 spell levels left.
You didn't know any spells.
Your spell library was empty.

Dungeon Overview and Level Annotations

Branches:
Dungeon (3/15)

Altars:

Annotations:
D:3 Natasha


Innate Abilities, Weirdness & Mutations

You have a pair of small antennae on your head.
You are partially covered in thin metallic scales. (AC +2)


Message History

You completely miss Natasha.
Natasha is moderately wounded.
Natasha claws you.
* * * LOW HITPOINT WARNING * * *
Natasha closely misses you. You block the white imp's attack.
Your shield and scale mail prevent you from hitting Natasha.
Natasha is moderately wounded.
You hit the white imp. Natasha barely misses you.
The white imp hits you but does no damage.
You block Natasha's attack.
The white imp hits you but does no damage.
Natasha closely misses you.
You barely miss Natasha.
Natasha is moderately wounded.
You closely miss the white imp. The white imp hits you.
* * * LOW HITPOINT WARNING * * *
The white imp freezes you.
* * * LOW HITPOINT WARNING * * *
Natasha claws you.
You die...

#.# ... #.# .#
##.#####.. ##...?.....
#.......... #.#
#..h5...# #
...##..@....##.
#....(........#
#.#####.##..#.# #.#
##.......#
#.####........#
#.#..>.#......#
##.#.##........###.#
####.#).###....[.......
#...###.# #####.#.###<


You could see Natasha and a white imp.

Vanquished Creatures
  Terence (D:2)
  6 adders
  A worm (D:2)
  A dart slug (D:2)
  A leopard gecko (D:1)
  An orc (D:3)
  5 bats
  4 goblins
  4 hobgoblins
  6 kobolds
  2 frilled lizards (D:1)
  A rat (D:3)
33 creatures vanquished.

Notes
Turn   | Place    | Note
-------+----------+-------------------------------------------
     0 | D:1      | galech the Demonspawn Fighter began the quest for the Orb.
     0 | D:1      | Reached XP level 1. HP: 18/18 MP: 1/1
   344 | D:1      | Gained mutation: You have a pair of small antennae on your
                  | head. [demonic ancestry]
   344 | D:1      | Reached XP level 2. HP: 24/24 MP: 2/2
  1023 | D:2      | Gained mutation: You are partially covered in thin metallic
                  | scales. (AC +2) [demonic ancestry]
  1023 | D:2      | Reached XP level 3. HP: 11/29 MP: 3/3
  1383 | D:2      | Noticed Terence
  1395 | D:2      | Killed Terence
  1395 | D:2      | Reached XP level 4. HP: 15/35 MP: 4/4
  2469 | D:3      | Noticed Natasha
  2487 | D:3      | Slain by Natasha

Vault maps used:
D:1:      minmay_arrival_four_loops, minmay_3d_cube
D:2:      uniq_terence
D:3:      nicolae_overflow_hidden_temple, first_ration, uniq_natasha, uniq_ijyb,
          uniq_sigmund

Skill      XL: |  1  2  3  4 |
---------------+-------------+-----
Armour         | 3 |  3.3
Shields        | 3 |  3.2
Axes           | 2 3 |  3.0
Fighting       | |  3.4
Dodging        | |  0.5
Stealth        | |  0.1

Action                   |  1- 3 |  4- 6 || total
-------------------------+-------+-------++-------
Melee: War axe           |    99 |    67 ||   166
  Use: Potion            |       |     1 ||     1
  Eat: Chunk             |     1 |     4 ||     5
Armor: Scale mail        |    46 |    27 ||    73
Dodge: Dodged            |    26 |    28 ||    54
Block: Shield            |    51 |    37 ||    88

Table legend:
 A = Non-vault XP
 B = Vault XP
 C = Vault XP percentage of total XP
 D = Non-vault monster count
 E = Vault monster count
 F = Vault count percentage of total count
                 A         B        C        D         E       F
            +---------+---------+-------+---------+---------+-------
      Total |     124 |      39 |  23.9 |      30 |       3 |   9.1
            +---------+---------+-------+---------+---------+-------
        D:1 |      14 |       3 |  17.6 |       9 |       2 |  18.2
        D:2 |      64 |      36 |  36.0 |      15 |       1 |   6.2
        D:3 |      46 |       0 |   0.0 |       6 |       0 |   0.0
            +---------+---------+-------+---------+---------+-------
